 Dungeon Crawl Stone Soup version 0.21.0 (webtiles) character file.

74 edsrzf the Magician (level 4, -2/26 HPs)
             Began as a Tengu Earth Elementalist on Jan 21, 2018.
             Was an Initiate of Ashenzari.
             Slain by an orc
             ... wielding a +0 whip
              (5 damage)
             ... on level 3 of the Dungeon.
             The game lasted 00:09:30 (2419 turns).

edsrzf the Magician (Tengu Earth Elementalist)      Turns: 2419, Time: 00:09:31

Health: -2/26      AC:  2    Str:  9    XL:     4   Next: 30%
Magic:  1/9        EV: 12    Int: 16    God:    Ashenzari [......]
Gold:   169        SH:  0    Dex: 14    Spells: 1/9 levels left

rFire    . . .     SeeInvis .   o - +0 spear
rCold    . . .     Gourm    .   (no shield)
rNeg     . . .     Faith    .   c - +0 robe
rPois    .         Spirit   .   (helmet restricted)
rElec    .         Reflect  .   (no cloak)
rCorr    .         Harm     .   (no gloves)
MR       .....                  (boots unavailable)
Stlth    ++........             (no amulet)
HPRegen  0.08/turn              (no ring)
MPRegen  0.11/turn              (no ring)

@: very slightly contaminated
A: beak, talons 3
a: Curse Item, Renounce Religion


You were on level 3 of the Dungeon.
You worshipped Ashenzari.
Ashenzari was noncommittal.
You were not hungry.

You visited 1 branch of the dungeon, and saw 3 of its levels.

You collected 169 gold pieces.

Inventory:

Hand Weapons
 o - a +0 spear (weapon)
Missiles
 b - 42 stones (quivered)
Armour
 c - a +0 robe (worn)
Scrolls
 a - 2 scrolls of immolation {unknown}
 i - a scroll of random uselessness {unknown}
 k - a scroll of magic mapping {unknown}
 m - 3 scrolls of identify {unknown}
 n - a scroll of fog {unknown}
Potions
 f - a potion of invisibility {unknown}
 g - 2 potions of haste {unknown}
 h - a potion of ambrosia {unknown}
 j - 2 potions of heal wounds {unknown}
 l - a potion of agility {unknown}
 q - a potion of lignification {unknown}
Books
 e - a book of Geomancy
 p - a book of Minor Magic
Comestibles
 d - 3 rations


   Skills:
 + Level 2.1 Fighting
 - Level 2.1 Dodging
 - Level 2.0 Stealth
 + Level 3.0 Spellcasting
 * Level 2.2 Conjurations
 - Level 0.7 Transmutations
 - Level 2.1 Earth Magic


You had one spell level left.
You knew the following spells:

 Your Spells              Type           Power        Failure   Level  Hunger
a - Stone Arrow           Conj/Erth      #.....       22%         3    ###....
b - Blink                 Tloc           N/A          28%         2    ##.....
p - Passwall              Tmut/Erth      #.........   16%         2    ##.....
X - Sandblast             Erth           #.....       8%          1    #......


Dungeon Overview and Level Annotations

Branches:
Dungeon (3/15)

Altars:
Ashenzari


Innate Abilities, Weirdness & Mutations

You have a beak for a mouth.
You have claws for feet.


Message History

Casting: Sandblast
Confirm with . or Enter, or press ? or * to list all spells.
Aiming: Sandblast
Press: ? - help, Shift-Dir - straight line, f/p - orc
Aim: an orc, wearing a chain mail (moderately wounded)
The blast of sand hits the orc.
The orc is moderately wounded.
b - 49 stones The orc barely misses you.
Casting: Sandblast
Confirm with . or Enter, or press ? or * to list all spells.
Aiming: Sandblast
Press: ? - help, Shift-Dir - straight line, f/p - orc
Aim: an orc, wearing a chain mail (moderately wounded)
The blast of sand hits the orc.
The orc is moderately wounded.
b - 48 stones The orc hits you.
Casting: Sandblast
Confirm with . or Enter, or press ? or * to list all spells.
Aiming: Sandblast
Press: ? - help, Shift-Dir - straight line, f/p - orc
Aim: an orc, wearing a chain mail (moderately wounded)
The blast of sand hits the orc.
The orc is moderately wounded.
b - 47 stones The orc hits you.
Casting: Sandblast
Confirm with . or Enter, or press ? or * to list all spells.
Aiming: Sandblast
Press: ? - help, Shift-Dir - straight line, f/p - orc
Aim: an orc, wearing a chain mail (moderately wounded)
The blast of sand hits the orc.
You kill the orc!
Your Spellcasting skill increases to level 3!
b - 46 stones The orc barely misses you.
Unknown command.
Press: ? - help, v - describe, . - travel, g - get item
Here: an orc, wielding a whip and wearing a ring mail An uncursed chain mail.
There is something else lying underneath.
The floor.
Unknown command.
Things that are here:
an uncursed chain mail; an orc corpse
Casting: Sandblast
Confirm with . or Enter, or press ? or * to list all spells.
Aiming: Sandblast
Press: ? - help, Shift-Dir - straight line, f - orc
Aim: an orc, wielding a whip and wearing a ring mail The blast of sand hits the orc.
b - 45 stones The orc hits you but does no damage.
Casting: Sandblast
Confirm with . or Enter, or press ? or * to list all spells.
Aiming: Sandblast
Press: ? - help, Shift-Dir - straight line, f/p - orc
Aim: an orc, wielding a whip and wearing a ring mail The blast of sand hits the orc.
b - 44 stones The orc hits you with a whip!
* * * LOW HITPOINT WARNING * * *
Things that are here:
an uncursed chain mail; an orc corpse
Casting: Sandblast
Confirm with . or Enter, or press ? or * to list all spells.
Aiming: Sandblast
Press: ? - help, Shift-Dir - straight line, f/p - orc
Aim: an orc, wielding a whip and wearing a ring mail You miscast Sandblast.
You are very lightly contaminated with residual magic.
The floor vibrates.
The orc misses you.
Casting: Sandblast
Confirm with . or Enter, or press ? or * to list all spells.
Aiming: Sandblast
Press: ? - help, Shift-Dir - straight line, f/p - orc
Aim: an orc, wielding a whip and wearing a ring mail You miscast Sandblast.
Nothing appears to happen.
The orc barely misses you.
Casting: Sandblast
Confirm with . or Enter, or press ? or * to list all spells.
Aiming: Sandblast
Press: ? - help, Shift-Dir - straight line, f/p - orc
Aim: an orc, wielding a whip and wearing a ring mail The blast of sand hits the orc.
The orc is heavily wounded.
b - 43 stones The orc hits you with a whip!
* * * LOW HITPOINT WARNING * * *
Casting: Sandblast
Confirm with . or Enter, or press ? or * to list all spells.
Aiming: Sandblast
Press: ? - help, Shift-Dir - straight line, f/p - orc
Aim: an orc, wielding a whip and wearing a ring mail (heavily wounded)
The blast of sand hits the orc.
The orc is heavily wounded.
b - 42 stones The orc hits you with a whip.
You die...

##.#.# ##.......#
######....###.........
............'.........
#####....###.........
##..........[.....#
#......###.#.....##
#..##### #.##...##
#.o# #.# #+##
#.@#######.#
#.....[...<#
#.########## #.#
#...## #.##..!..#
#.#....... #.#.......
#.[....... ####.....#


You could see an orc.

Vanquished Creatures
  2 worms (D:2)
  2 dart slugs
  3 leopard geckos
  2 orcs (D:3)
  9 bats
  3 giant cockroaches (D:1)
  6 goblins
  3 hobgoblins
  8 jackals (D:1)
  8 kobolds
  A quokka (D:2)
  3 frilled lizards
  4 rats
54 creatures vanquished.

Notes
Turn   | Place    | Note
-------+----------+-------------------------------------------
     0 | D:1      | edsrzf the Tengu Earth Elementalist began the quest for the Orb.
     0 | D:1      | Reached XP level 1. HP: 10/10 MP: 4/4
   202 | D:1      | Reached skill level 1 in Fighting
   202 | D:1      | Reached XP level 2. HP: 16/16 MP: 4/6
   780 | D:1      | Reached XP level 3. HP: 20/20 MP: 5/7
   830 | D:1      | Learned a level 3 spell: Stone Arrow
   833 | D:1      | Learned a level 2 spell: Passwall
  1328 | D:2      | Reached skill level 1 in Conjurations
  1465 | D:2      | Reached skill level 2 in Fighting
  1613 | D:2      | Reached XP level 4. HP: 26/26 MP: 3/9
  1716 | D:2      | Found a shattered altar of Ashenzari.
  1723 | D:2      | Became a worshipper of Ashenzari the Shackled
  1925 | D:2      | Reached skill level 2 in Conjurations
  2094 | D:2      | Learned a level 2 spell: Blink
  2355 | D:3      | Reached skill level 3 in Spellcasting
  2419 | D:3      | Slain by an orc

Skill      XL: |  1  2  3  4 |
---------------+-------------+-----
Fighting       | 1 2 |  2.1
Conjurations   | 1 2 |  2.2
Spellcasting   | 3 |  3.0
Dodging        | |  2.1
Stealth        | |  2.0
Transmutations | |  0.7
Earth Magic    | |  2.1

Action                   |  1- 3 |  4- 6 || total
-------------------------+-------+-------++-------
Melee: Unarmed           |    49 |    10 ||    59
       Kick              |     7 |     5 ||    12
       Peck              |     7 |     2 ||     9
       Spear             |       |     2 ||     2
 Cast: Sandblast         |    60 |    23 ||    83
       Stone Arrow       |     1 |     1 ||     2
 Stab: Distracted        |     1 |       ||     1
       Sleeping          |     1 |     1 ||     2
  Eat: Chunk             |     3 |     2 ||     5
Armor: Robe              |    16 |     1 ||    17
Dodge: Dodged            |    51 |    14 ||    65
